 Dungeon Crawl Stone Soup version 0.25-a0-287-g56a5b49 (webtiles) character file.

Game seed: 12886147085379438226, levelgen mode: deterministic

92 FruityBerryJuice the Cudgeler (level 4, 0/40 HPs)
             Began as a Draconian Berserker on Dec 12, 2019.
             Was a Believer of Trog.
             Succumbed to a worker ant's poison
             ... on level 4 of the Dungeon.
             The game lasted 00:09:26 (1449 turns).

FruityBerryJuice the Cudgeler (Draconian Berserker) Turns: 1449, Time: 00:09:26

Health: 0/40       AC:  5    Str: 20    XL:     4   Next: 35%
Magic:  4/4        EV: 12    Int:  7    God:    Trog [**....]
Gold:   64         SH:  3    Dex: 11    Spells: 3/3 levels left

rFire    . . .     SeeInvis .   a - +0 mace
rCold    . . .     Gourm    .   c - +0 buckler
rNeg     . . .     Faith    +   (armour unavailable)
rPois    .         Spirit   .   (helmet restricted)
rElec    .         Reflect  .   (no cloak)
rCorr    .         Harm     .   (no gloves)
MR       .....                  (no boots)
Stlth    +.........             g - amulet of faith
HPRegen  0.13/turn              (no ring)
MPRegen  0.09/turn              (no ring)

@: lethally poisoned (0 -> -7), flying
A: unfitting armour, cold-blooded, AC +5
a: Berserk, Trog's Hand, Renounce Religion


You were on level 4 of the Dungeon.
You worshipped Trog.
Trog was pleased with you.
You were not hungry.

You visited 1 branch of the dungeon, and saw 4 of its levels.

You collected 64 gold pieces.

Inventory:

Hand Weapons
 a - a +0 mace (weapon)
Missiles
 l - 6 boomerangs (quivered)
Armour
 c - a +0 buckler (worn)
 k - a cursed +0 helmet
Jewellery
 g - an amulet of faith (around neck)
Scrolls
 d - a scroll of immolation {unknown}
 e - 4 scrolls of identify {unknown}
 i - a scroll of enchant weapon {unknown}
 m - 2 scrolls of amnesia {unknown}
Potions
 f - 2 potions of curing {unknown}
 j - a potion of agility {unknown}
Comestibles
 b - 2 rations


   Skills:
 + Level 4.0 Fighting
 + Level 4.0 Maces & Flails
 + Level 3.3 Dodging
 + Level 0.3 Stealth
 + Level 0.9 Shields


You had 3 spell levels left.
You didn't know any spells.
Your spell library was empty.

Dungeon Overview and Level Annotations

Branches:
Dungeon (4/15)
 Temple: D:4-7

Altars:
The Shining One


Innate Abilities, Weirdness & Mutations

Your plain brown scales are hard. (AC +5)
You cannot fit into any form of body armour.
You are cold-blooded and may be slowed by cold attacks.


Message History

* * * LOW HITPOINT WARNING * * *
You are more poisoned.
The worker ant poisons you! The worker ant barely misses you.
You hit the worker ant.
The worker ant is severely wounded.
* * * LOW HITPOINT WARNING * * *
You feel sick. You block the worker ant's attack.
You hit the worker ant.
You kill the worker ant!
Trog accepts your kill.
Your Fighting skill increases to level 4!
Your Maces & Flails skill increases to level 4!
You have reached level 4!
You feel agile.
* * * LOW HITPOINT WARNING * * *
You feel sick.
It was a potion of flight.
You feel very buoyant.
You fly up into the air.
You die...

.#####.###....####...
. #.# #.#### .......
. ..# #..#####.......
#... #...#..........
.... ##.............
......##.............
...$...............#
...<.......†$.....#
......#.....@....#
!...#....#.........#
≈≈..###.###........#
..≈ #.. #.......## ..
#.. ......### #.
.##.....# # ....#...
...##..#


There were no monsters in sight!

Vanquished Creatures
  A hound (D:4)
  A worker ant (D:4)
  An ooze (D:3)
  An adder skeleton (D:3)
  A dart slug (D:1)
  2 leopard geckos
  2 bats
  A giant cockroach (D:3)
  4 goblins (D:1)
  2 hobgoblins
  2 quokkas
  4 kobolds (D:1)
  A leopard gecko skeleton (D:4)
  7 rats
30 creatures vanquished.

Notes
Turn   | Place    | Note
-------+----------+-------------------------------------------
     0 | D:1      | FruityBerryJuice the Draconian Berserker began the quest
                  | for the Orb.
     0 | D:1      | Reached XP level 1. HP: 19/19 MP: 1/1
   239 | D:1      | Reached XP level 2. HP: 3/26 MP: 2/2
  1041 | D:2      | Found a glowing golden altar of the Shining One.
  1198 | D:3      | Reached ** piety under Trog
  1198 | D:3      | Reached XP level 3. HP: 29/33 MP: 3/3
  1447 | D:4      | HP: 1/33 [poisoned by a worker ant]
  1448 | D:4      | Reached XP level 4. HP: 1/40 MP: 4/4
  1449 | D:4      | Succumbed to a worker ant's poison

Levels and vault maps discovered:
D:1:      dpeg_arrival_rhombi, layout_loops_corners, minmay_tiny_reverse_x
D:2:      layout_basic, tso_metal_star
D:3:      cheibrodos_pilgrimage, layout_loops_ring, first_ration
D:4:      cheibrodos_helix_gallery, layout_cave_pools

Skill      XL: |  1  2  3 |
---------------+----------+-----
Dodging        | 3 |  3.3
Fighting       | 4 |  4.0
Maces & Flails | 4 |  4.0
Stealth        | |  0.3
Shields        | |  0.9

Action                   |  1- 3 |  4- 6 || total
-------------------------+-------+-------++-------
Melee: Mace              |   111 |       ||   111
       Tailslap          |     8 |       ||     8
  Use: Potion            |       |     1 ||     1
  Eat: Ration            |     1 |       ||     1
Armor: Skin              |    33 |       ||    33
Dodge: Dodged            |    75 |       ||    75
Block: Buckler           |    25 |       ||    25

Table legend:
 A = Non-vault XP
 B = Vault XP
 C = Vault XP percentage of total XP
 D = Non-vault monster count
 E = Vault monster count
 F = Vault count percentage of total count
                 A         B        C        D         E       F
            +---------+---------+-------+---------+---------+-------
      Total |     129 |       3 |   2.3 |      28 |       2 |   6.7
            +---------+---------+-------+---------+---------+-------
        D:1 |      23 |       3 |  11.5 |      14 |       2 |  12.5
        D:2 |       5 |       0 |   0.0 |       3 |       0 |   0.0
        D:3 |      19 |       0 |   0.0 |       7 |       0 |   0.0
        D:4 |      82 |       0 |   0.0 |       4 |       0 |   0.0
            +---------+---------+-------+---------+---------+-------
